 Dungeon Crawl Stone Soup version 0.23.2-40-g277498a001 (webtiles) character file.

Game seed: 7677368249484091484

7619 Martska the Cleaver (level 11, -4/102 HPs)
             Began as a Hill Orc Fighter on Oct 10, 2019.
             Was a High Priest of Okawaru.
             Slain by a stone giant (22 damage)
             ... on level 2 of the Orcish Mines.
             The game lasted 00:36:40 (11071 turns).

Martska the Cleaver (Hill Orc Fighter)             Turns: 11071, Time: 00:36:56

Health: -4/102     AC: 15    Str: 25    XL:     11   Next: 18%
Magic:  11/11      EV:  6    Int:  8    God:    Okawaru [*****.]
Gold:   775        SH: 11    Dex: 11    Spells: 10/10 levels left

rFire    . . .     SeeInvis .   A - +2 hand axe (freeze)
rCold    . . .     Gourm    .   c - +0 shield
rNeg     . . .     Faith    .   B - +0 plate armour
rPois    .         Spirit   .   y - +0 helmet
rElec    .         Reflect  .   (no cloak)
rCorr    .         Harm     .   (no gloves)
MR       .....                  (no boots)
Stlth    ..........             (no amulet)
HPRegen  0.27/turn              h - +3 ring of strength
MPRegen  0.12/turn              z - ring of stealth

@: no status effects
A: no potion heal 1
a: Heroism, Finesse, Renounce Religion


You were on level 2 of the Orcish Mines.
You worshipped Okawaru.
Okawaru was extremely pleased with you.
You were not hungry.

You visited 3 branches of the dungeon, and saw 12 of its levels.

You collected 775 gold pieces.

Inventory:

Hand Weapons
 a - a +0 war axe
 A - a +2 hand axe of freezing (weapon)
 D - a +0 morningstar
 F - a +0 scythe
 H - a +2 flail of distortion
 J - a +2 hand axe of flaming
 O - a +0 battleaxe
 Q - a +1 dire flail of protection
Armour
 b - a +0 scale mail
 c - a +0 shield (worn)
 y - a +0 helmet (worn)
 B - a +0 plate armour (worn)
 G - a +2 robe of fire resistance
 P - a +0 plate armour
Jewellery
 h - a +3 ring of strength (left hand)
 i - an uncursed ring of stealth
 z - a ring of stealth (right hand)
Wands
 E - a wand of flame (19)
 I - a wand of disintegration (8)
Scrolls
 e - a scroll of random uselessness
 g - 2 scrolls of amnesia {unknown}
 j - a scroll of blinking
 l - 2 scrolls of fear
 n - 5 scrolls of teleportation
 o - 4 scrolls of remove curse
 p - 2 scrolls of fog {unknown}
 t - a scroll of enchant weapon {unknown}
 x - a scroll of noise {unknown}
 N - a scroll of identify
Potions
 d - 4 potions of might
 k - a potion of brilliance
 m - 2 potions of curing
 q - a potion of heal wounds {unknown}
 r - 2 potions of agility
 s - 3 potions of flight
 u - 2 potions of ambrosia {unknown}
 v - 2 potions of cancellation {unknown}
 w - a potion of invisibility {unknown}
 C - a potion of mutation {unknown}
 K - a potion of lignification {unknown}
 L - a potion of magic {unknown}
Miscellaneous
 M - a lamp of fire
Comestibles
 f - 18 rations


   Skills:
 * Level 11.4 Fighting
 * Level 12.1(12.7) Axes
 - Level 5.8(8.9) Maces & Flails
 + Level 8.0 Armour
 + Level 7.9 Shields


You had 10 spell levels left.
You didn't know any spells.
Your spell library was empty.

Dungeon Overview and Level Annotations

Branches:
Dungeon (9/15)             Temple (1/1) D:5             Orc (2/2) D:9
   Lair: D:8-11         Elf: Orc:2

Altars:
Ashenzari
Cheibriados
Dithmenos
Elyvilon
Fedhas
Gozag
Hepliaklqana
Kikubaaqudgha
Makhleb
Nemelex Xobeh
Okawaru
Qazlal
Ru
Sif Muna
Trog
Uskayaw
Vehumet
Wu Jian
Xom
Yredelemnul
Zin
The Shining One
Beogh

Shops:
Orc:2 **


Innate Abilities, Weirdness & Mutations

Potions are less effective at restoring your health.


Message History

The orc priest calls down the wrath of Beogh upon you.
Beogh smites you! The orc barely misses you.
The orc warrior hits you from afar with a +0 glaive.
The orc priest shouts, "Join the one true god or die!"
You hear a shout!
As you read the scroll of teleportation, it crumbles to dust.
You feel strangely unstable.
The orc warrior hits you with a +0 battleaxe!!
* * * LOW HITPOINT WARNING * * *
The orc priest looks braver for a moment.
The orc hits you but does no damage.
Things that are here:
a +0 flail; a +0 plate armour Your surroundings suddenly seem different.
A stone giant comes into view.
The stone giant shouts!
An orc sorcerer comes into view. It is wielding a +0 dagger.
The orc sorcerer shouts!
The stone giant hits you!!
You die...

#...# ....#
.### ##.....
....###
.......
.......#o....
...........#
#......$..#
#..$.@..#
#......C..#
#..........#
...........#
...#.#.......
.#
####.......
##.......
#.#.###


You could see a stone giant and an orc sorcerer.

Vanquished Creatures
  An orc knight (Orc:1)
  An orc sorcerer (Orc:2)
  A troll (Orc:1)
  2 dream sheep (D:8)
  Sigmund (D:6)
  2 yaks (D:8)
  Edmund (D:6)
  A water moccasin (D:5)
  14 orc warriors
  A black bear (D:7)
  2 sky beasts (D:9)
  An ice beast (D:7)
  2 phantoms
  A necrophage (D:5)
  4 centaurs
  5 ogres
  A crocodile (D:9)
  3 big kobolds (D:8)
  3 bullfrogs
  A gnoll sergeant (D:8)
  A water moccasin skeleton (D:8)
  3 scorpions
  4 howler monkeys
  4 crimson imps
  8 orc priests
  2 bullfrog skeletons
  4 hounds
  6 jellies
  10 orc wizards
  7 worker ants
  4 iguanas
  A hound zombie (D:9)
  10 gnolls
  5 adders
  2 shadow imps
  An adder zombie (D:7)
  6 worms
  2 dart slugs
  8 leopard geckos
  48 orcs
  14 bats
  A giant cockroach (D:6)
  8 goblins
  13 hobgoblins
  15 jackals
  9 kobolds
  5 quokkas
  A ball python (D:1)
  6 frilled lizards
  A giant cockroach zombie (D:5)
  A leopard gecko skeleton (D:6)
  A quokka skeleton (D:6)
  9 rats
268 creatures vanquished.

Vanquished Creatures (others)
  A hydra (D:8)
1 creature vanquished.

Grand Total: 269 creatures vanquished

Notes
Turn   | Place    | Note
-------+----------+-------------------------------------------
     0 | D:1      | Martska the Hill Orc Fighter began the quest for the Orb.
     0 | D:1      | Reached XP level 1. HP: 19/19 MP: 1/1
    77 | D:1      | Reached skill level 3 in Axes
   130 | D:1      | Reached XP level 2. HP: 26/27 MP: 2/2
   361 | D:1      | Reached XP level 3. HP: 31/33 MP: 3/3
  1090 | D:2      | Reached skill level 4 in Axes
  1090 | D:2      | Reached XP level 4. HP: 17/41 MP: 4/4
  2367 | D:3      | Reached XP level 5. HP: 27/47 MP: 5/5
  3152 | D:3      | Reached skill level 5 in Fighting
  3274 | D:4      | Reached skill level 5 in Axes
  3292 | D:4      | Reached XP level 6. HP: 49/56 MP: 6/6
  4305 | D:5      | Entered Level 5 of the Dungeon
  4305 | D:5      | Noticed a necrophage
  4345 | D:5      | Reached XP level 7. HP: 54/63 MP: 7/7
  4411 | D:5      | Reached skill level 6 in Axes
  4580 | D:5      | Found a staircase to the Ecumenical Temple.
  4985 | Temple   | Entered the Ecumenical Temple
  5184 | Temple   | Became a worshipper of Warmaster Okawaru
  5254 | D:5      | Reached skill level 5 in Armour
  5306 | D:5      | Found an ancient bone altar of Kikubaaqudgha.
  5402 | D:5      | Reached skill level 5 in Shields
  5443 | D:5      | Reached skill level 7 in Axes
  5457 | D:5      | Reached XP level 8. HP: 68/71 MP: 8/8
  5557 | D:5      | Reached skill level 1 in Maces & Flails
  6181 | D:6      | Reached * piety under Okawaru
  6238 | D:6      | Reached skill level 8 in Axes
  6583 | D:6      | Reached XP level 9. HP: 76/80 MP: 9/9
  6629 | D:6      | Noticed Sigmund
  6630 | D:6      | Noticed Edmund
  6641 | D:6      | Killed Edmund
  6641 | D:6      | Reached ** piety under Okawaru
  6651 | D:6      | Killed Sigmund
  6736 | D:6      | Reached skill level 9 in Axes
  7678 | D:8      | Found a sparkling altar of Nemelex Xobeh.
  7949 | D:8      | Reached *** piety under Okawaru
  8046 | D:8      | Reached skill level 10 in Axes
  8116 | D:8      | Noticed a two-headed hydra
  8125 | D:8      | Reached XP level 10. HP: 68/92 MP: 7/10
  8136 | D:8      | Reached skill level 10 in Fighting
  8436 | D:8      | Banished a four-headed hydra
  8487 | D:8      | Gained mutation: Potions are less effective at restoring
                  | your health. [mutagenic glow]
  8996 | D:9      | Reached **** piety under Okawaru
  9002 | D:9      | Found a staircase to the Orcish Mines.
  9020 | D:9      | Reached skill level 11 in Axes
  9025 | D:9      | Reached skill level 5 in Maces & Flails
  9045 | D:9      | Found a roughly hewn altar of Beogh.
  9074 | Orc:1    | Entered Level 1 of the Orcish Mines
  9725 | Orc:2    | Entered Level 2 of the Orcish Mines
  9725 | Orc:2    | Noticed an orc sorcerer
  9735 | Orc:2    | Paralysed by an orc sorcerer for 2 turns
  9740 | Orc:2    | Killed an orc sorcerer
 10341 | Orc:2    | Reached XP level 11. HP: 78/102 MP: 11/11
 10456 | Orc:2    | Found Zibariy's General Store.
 10456 | Orc:2    | Noticed an orc knight
 10764 | Orc:1    | Killed an orc knight
 10764 | Orc:1    | Reached skill level 12 in Axes
 11061 | Orc:2    | Found Xueny's General Store.
 11063 | Orc:2    | Reached ***** piety under Okawaru
 11064 | Orc:2    | Noticed a sun demon
 11071 | Orc:2    | Noticed a stone giant
 11071 | Orc:2    | Noticed an orc sorcerer
 11071 | Orc:2    | Slain by a stone giant

Skill      XL: |  1  2  3  4  5  6  7  8  9 10 11 |
---------------+----------------------------------+-----
Axes           | 3 4 5 7 8 10 11 12 | 12.1
Fighting       | 4 5 6 8 9 11 | 11.4
Armour         | 4 5 6 7 8 |  8.0
Shields        | 4 5 6 7 |  7.9
Maces & Flails | 2 4 5 |  5.8

Action                   |  1- 3 |  4- 6 |  7- 9 | 10-12 || total
-------------------------+-------+-------+-------+-------++-------
Melee: War axe           |   125 |   160 |       |       ||   285
       Hand axe          |       |    50 |   384 |   280 ||   714
       Flail             |       |       |       |    12 ||    12
       Morningstar       |       |       |       |     7 ||     7
Invok: Heroism           |       |       |     3 |     3 ||     6
  Use: Scroll            |       |     6 |     3 |     2 ||    11
       Potion            |       |       |       |     3 ||     3
  Eat: Ration            |       |     3 |     2 |     3 ||     8
       Chunk             |       |     4 |     2 |       ||     6
Armor: Scale mail        |    80 |    72 |       |       ||   152
       Plate armour      |       |    22 |   171 |    92 ||   285
Dodge: Dodged            |    49 |    55 |    54 |    46 ||   204
Block: Shield            |    85 |   112 |   183 |   127 ||   507
